Map: Bridgehead LE (Void)

Players

wabbajack - Winner!

  • Race: Zerg Zerg
  • League: Silver

CaptnMerica - Winner!

  • Race: Zerg Zerg
  • League: Master

Baby

  • Race: Protoss Protoss
  • League: Platinum

Chi

  • Race: Protoss Protoss
  • League: Gold

VOD

Have the link to the VOD?

Description

bane rain vs protoss

Time

  • Played on: Aug. 25, 2015, 9:01 p.m.
  • Length: 6:45
Show
View Real Time Build Order
Export as new Build Order

wabbajack Zerg - Winner!

Build Orders: Hatch First 

Get SALT Encoding   

  12  0:01  Drone  
  13  0:08  Drone  
  14  0:22  Drone, Extractor  
  14  0:25  Drone, Extractor  
  15  0:55  Hatchery  
  14  1:05  Spawning Pool  
  14  1:08  Drone  
  14  1:20  Overlord  
  14  1:27  Pneumatized Carapace  
  14  1:40  Drone x3  
  17  2:00  Baneling Nest  
  16  2:10  Queen  
  16  2:13  Zergling x6  
  21  2:21  Queen  
  23  2:50  Drone x5  
  28  2:51  Overlord  
  28  2:59  Metabolic Boost  
  28  3:09  Zergling x2  
  28  3:10  Zergling x2  
  28  3:12  Zergling x2  
  31  3:13  Zergling x2  
  33  3:20  Zergling x4  
  33  3:39  Zergling x10  
  36  3:49  Overlord x2  
  36  3:50  Overlord  
  36  3:55  Baneling x2  
  36  3:56  Baneling x2  
  36  4:07  Drone x4  
  36  4:09  Drone  
  41  4:11  Drone  
  37  4:49  Zergling x2  
  37  4:50  Zergling x12  
  39  5:11  Lair  
  38  5:20  Extractor  
  38  5:21  Drone x4  
  39  5:22  Drone  
  39  5:23  Drone, Extractor  
  39  5:26  Extractor  
  41  5:29  Zergling x6  
  41  5:30  Hatchery  
  41  5:33  Baneling x4  
  43  5:52  Drone  
  43  5:53  Drone x2  
  43  5:54  Drone x3  
  43  5:56  Drone x2  
  51  6:07  Zergling x2  
  51  6:08  Zergling x6  
Show
View Real Time Build Order
Export as new Build Order

CaptnMerica Zerg - Winner!

Build Orders:  

Get SALT Encoding   

  12  0:01  Probe  
  13  0:13  Probe  
  14  0:18  Pylon  
  14  0:25  Probe  
  15  0:37  Probe  
  15  0:41  Gateway  
  16  0:49  Probe  
  17  0:50  Assimilator  
  17  1:01  Probe  
  18  1:13  Probe  
  19  1:23  Nexus  
  19  1:27  Probe  
  20  1:37  Cybernetics Core  
  20  1:41  Probe  
  21  1:47  Pylon  
  21  1:54  Probe  
  21  1:59  Assimilator  
  21  2:00  Warp Gate  
  22  2:06  Probe  
  23  2:19  Robotics Facility  
  23  2:26  Pylon  
  22  2:37  Stalker  
  22  2:38  Probe  
  22  2:41  Probe  
  26  2:50  Gateway  
  26  2:57  Probe  
  27  3:06  Probe  
  27  3:08  Gateway  
  27  3:10  Adept  
  30  3:20  Pylon  
  27  3:40  Stalker  
  27  3:42  Probe  
  27  3:44  Probe  
  27  3:47  Gateway  
  29  3:54  Probe  
  30  3:57  Probe  
  30  4:01  Warp Prism  
  33  4:08  Probe  
  33  4:09  Probe  
  33  4:34  Adept x2  
  33  4:35  Adept  
  27  4:46  Mothership Core  
  27  4:48  Probe  
  23  5:00  Probe  
  21  5:15  Probe  
  22  5:27  Probe  
  22  5:29  Probe  
  23  5:39  Probe  
  23  5:42  Probe  
  25  5:51  Probe, Adept  
  25  6:23  Probe  
Show
View Real Time Build Order
Export as new Build Order

Baby Protoss 

Build Orders:  

Get SALT Encoding   

Show
View Real Time Build Order
Export as new Build Order

Chi Protoss 

Build Orders:  

Get SALT Encoding   

Tags
 
Add a new tag
Caveats
  • Supply blocks, unpowered buildings, or Contaminate may cause inaccurate times.
  • Supply counts are checked every 10 seconds.